 Dungeon Crawl Stone Soup version 0.29.1-14-g9c671dbff4 (webtiles) character file.

Game seed: 7807159512497558535

106 KittyFluff the Trooper (level 4, -2/29 HPs)
             Began as a Gargoyle Berserker on Feb 15, 2023.
             Was a Believer of Trog.
             Slain by an iguana (6 damage)
             ... on level 3 of the Dungeon.
             The game lasted 00:09:35 (2184 turns).

KittyFluff the Trooper (Gargoyle Berserker)         Turns: 2184, Time: 00:09:35

Health: -2/29      AC:  9    Str: 20    XL:     4   Next: 84%
Magic:  4/4        EV: 10    Int:  8    God:    Trog [**....]
Gold:   137        SH:  9    Dex: 17    Spells: 3/3 levels left

rFire   . . .      SeeInvis .   a - +0 mace
rCold   . . .      Faith    .   v - +2 kite shield
rNeg    + . .      Spirit   .   o - +0 leather armour
rPois   ∞          Reflect  .   i - +0 helmet
rElec   +          Harm     .   w - +0 cloak
rCorr   .          Rampage  .   (no gloves)
Will    .....                   (no boots)
Stlth   +.........              (no amulet)
HPRegen 0.09/turn               e - +6 ring of dexterity
MPRegen 0.09/turn               (no ring)

@: no status effects
A: sickness immunity, AC +3, negative energy resistance 1, electricity
resistance, torment resistance 1, petrification resistance
a: Renounce Religion, Berserk, Trog's Hand


You were on level 3 of the Dungeon.
You worshipped Trog.
Trog was pleased with you.
You visited 1 branch of the dungeon, and saw 3 of its levels.

You collected 137 gold pieces.

Inventory:

Hand Weapons
 a - a +0 mace (weapon)
 f - a +0 sling
 n - a +0 flail
Missiles
 j - 25 stones (quivered)
Armour
 b - the +1 cloak "Zeptot" {rC- rN++ Dex+5}
   (You found it on level 2 of the Dungeon)

   Dex:       It affects your dexterity (+5).
   rC:        It makes you vulnerable to cold.
   rN:        It greatly protects you from negative energy.
 i - a +0 helmet (worn)
 o - a +0 leather armour (worn)
 s - a +0 ring mail
 v - a +2 kite shield (worn)
 w - a +0 cloak (worn)
Jewellery
 e - a +6 ring of dexterity (left hand)
Scrolls
 h - a scroll of teleportation {unknown}
 l - a scroll of poison {unknown}
 q - a scroll of fear {unknown}
 r - a scroll of brand weapon {unknown}
 u - a scroll of silence {unknown}
Potions
 c - a potion of might {unknown}
 d - 2 potions of heal wounds {unknown}
 g - 2 potions of haste {unknown}
 k - a potion of lignification {unknown}
 m - a potion of mutation {unknown}
 p - a potion of ambrosia {unknown}
 t - a potion of attraction {unknown}


   Skills:
 + Level 4.1 Fighting
 + Level 4.1 Maces & Flails
 * Level 2.9 Armour
 + Level 2.1 Dodging
 + Level 0.1 Stealth


You had 3 spell levels left.
You didn't know any spells.
Your spell library was empty.

Dungeon Overview and Level Annotations

Branches:
Dungeon (3/15)

Altars:
Fedhas

Shops:
D:3 !


Innate Abilities, Weirdness & Mutations

You are immune to sickness and miasma.
Your stone body is resilient. (AC +3)
You are immune to poison.
You resist negative energy. (rN+)
You are resistant to electric shocks. (rElec)
You are resistant to unholy torment.
You are immune to petrification.


Message History

The iguana is moderately wounded.
You block the iguana's attack. The iguana bites you.
You closely miss the iguana.
The iguana is moderately wounded.
You block the iguana's attack.
You closely miss the iguana.
The iguana is moderately wounded.
The iguana bites you but does no damage.
The iguana bites you.
You sock the iguana!
The iguana is heavily wounded.
You block the iguana's attack.
You hit the iguana but do no damage.
The iguana is heavily wounded.
The iguana barely misses you.
You hit the iguana.
The iguana is severely wounded.
You block the iguana's attack. The iguana bites you!
You hit the iguana but do no damage.
The iguana is severely wounded.
The iguana bites you but does no damage.
You hit the iguana but do no damage.
The iguana is severely wounded.
The iguana bites you.
* * * LOW HITPOINT WARNING * * *
You block the iguana's attack.
You closely miss the iguana.
The iguana is severely wounded.
The iguana bites you.
* * * LOW HITPOINT WARNING * * *
You barely miss the iguana.
The iguana is severely wounded.
The iguana closely misses you.
You hit the iguana.
The iguana is almost dead.
You block the iguana's attack. x2
You barely miss the iguana.
The iguana is almost dead.
The iguana bites you.
You die...

##.# #.# #.#########
#.#.......# #.#.....#.###
########### #.'.....#...#
#.......... ###....####.#
#..........
####....####.#####..........
................@l.......>..
############.##.##.........)
#.##.#...........
.................
..................
#..................
.........##...##.#.
##.......####### .# .... #


You could see an iguana.

Vanquished Creatures
  4 gnolls (D:2)
  An adder (D:2)
  A worm (D:2)
  2 dart slugs (D:1)
  5 ball pythons
  4 bats
  6 endoplasms
  4 giant cockroaches
  4 goblins
  4 hobgoblins
  4 jackals (D:1)
  2 quokkas
  4 frilled lizards
  3 kobolds
  2 rats
50 creatures vanquished.

Notes
Turn   | Place    | Note
-------+----------+-------------------------------------------
     0 | D:1      | KittyFluff the Gargoyle Berserker began the quest for the
                  | Orb.
     0 | D:1      | Reached XP level 1. HP: 14/14 MP: 1/1
    75 | D:1      | Reached XP level 2. HP: 19/19 MP: 2/2
   738 | D:1      | Reached XP level 3. HP: 24/24 MP: 3/3
   878 | D:2      | Reached ** piety under Trog
  1086 | D:2      | Reached XP level 4. HP: 16/29 MP: 4/4
  1305 | D:2      | Identified the +1 cloak "Zeptot" {rC- rN++ Dex+5}
  1427 | D:2      | Found a faded altar of an unknown god.
  1900 | D:3      | Found Yha Seufiuc's Distillery.
  1900 | D:3      | Found a blossoming altar of Fedhas.
  2184 | D:3      | Slain by an iguana

Illustrated notes

Levels and vault maps discovered:
D:1:      ncdulo_watergridlock, layout_rooms
D:2:      layout_loops_cross, ebering_ecumenical_altar_ruins
D:3:      layout_basic, dreamdust_divine_triumvirate, lemuel_crystal_altar,
          serial_shops, nicolae_shop_advertising_works
          [nicolae_subvault_shop_adworks], feat_on_display

Skill      XL: |  1  2  3  4 |
---------------+-------------+-----
Dodging        | 2 |  2.1
Fighting       | 4 |  4.1
Maces & Flails | 4 |  4.1
Armour         | |  2.9
Stealth        | |  0.1

Action                   |  1- 3 |  4- 6 || total
-------------------------+-------+-------++-------
Melee: Mace              |   108 |    64 ||   172
Invok: Berserk           |     1 |       ||     1
 Stab: Sleeping          |       |     1 ||     1
Armor: Animal skin       |    52 |     1 ||    53
       Leather armour    |       |    20 ||    20
Dodge: Dodged            |    84 |    42 ||   126
Block: Kite shield       |       |     9 ||     9
